 Dungeon Crawl Stone Soup version 0.30-a0-304-gdc4b735fe1 (webtiles) character file.

Game seed: 17911774026074048947

6505 Lanoc the Geomancer (level 10, -1/44 HPs)
             Began as a Spriggan Earth Elementalist on Oct 21, 2022.
             Was a Priest of Qazlal.
             Killed from afar by an electric eel (12 damage)
             ... with a bolt of electricity
             ... on level 8 of the Dungeon.
             The game lasted 00:18:58 (7732 turns).

Lanoc the Geomancer (Spriggan Earth Elementalist)   Turns: 7732, Time: 00:18:59

Health: -1/44      AC:  2    Str:  4      XL:     10   Next: 69%
Magic:  22/22      EV: 25    Int: 25 (26) God:    Qazlal [***...]
Gold:   660        SH:  3    Dex: 16 (17) Spells: 2/14 levels left

rFire   . . .      SeeInvis +    s - +3 club (spect)
rCold   . . .      Faith    .    (no shield)
rNeg    . . .      Spirit   .    a - +0 robe
rPois   .          Reflect  .    (helmet restricted)
rElec   .          Harm     .    (no cloak)
rCorr   .          Rampage  .    (gloves unavailable)
Will    ++...                    (boots unavailable)
Stlth   ++........               F - amulet of magic regeneration
HPRegen 0.27/turn                y - ring of magical power
MPRegen 0.58/turn                l - +6 ring of intelligence

@: unable to drink, very quick
A: very small, no large weapons, unfitting armour, see invisible, speed 3,
deterioration 1, low MP 1, strong-willed 1, inability to drink after injury 2
a: Renounce Religion, Upheaval, Elemental Force


You were on level 8 of the Dungeon.
You worshipped Qazlal.
Qazlal was most pleased with you.
You visited 2 branches of the dungeon, and saw 12 of its levels.

You collected 660 gold pieces.

Inventory:

Hand Weapons
 s - a +3 spectral club (weapon)
Missiles
 j - 9 curare-tipped darts (quivered)
 A - 2 throwing nets
Armour
 a - a +0 robe (worn)
Jewellery
 e - a +6 ring of strength
 k - an amulet of regeneration
 l - a +6 ring of intelligence (right hand)
 n - a ring of ice
 x - a +4 ring of protection
 y - a ring of magical power (left hand)
 F - an amulet of magic regeneration (around neck)
 I - a ring of protection from cold
 J - an amulet of reflection
Wands
 i - a wand of charming (14)
 v - a wand of flame (30)
 w - a wand of digging (4)
 O - a wand of roots (5)
Scrolls
 c - 3 scrolls of magic mapping {unknown}
 d - 4 scrolls of teleportation
 f - a scroll of amnesia {unknown}
 g - a scroll of blinking
 h - 2 scrolls of fear {unknown}
 p - a scroll of torment {unknown}
 t - 3 scrolls of noise {unknown}
 z - a scroll of brand weapon
 C - 2 scrolls of enchant armour
 G - 3 scrolls of immolation
 L - a scroll of fog
 M - a scroll of vulnerability
 N - a scroll of silence
Potions
 b - a potion of magic
 m - 2 potions of flight {unknown}
 o - 4 potions of brilliance
 q - a potion of invisibility {unknown}
 r - a potion of berserk rage
 u - 2 potions of degeneration {unknown}
 B - a potion of attraction {unknown}
 D - a potion of mutation {unknown}
 E - 2 potions of heal wounds {unknown}
 H - a potion of ambrosia {unknown}
 K - a potion of curing


   Skills:
 + Level 12.4 Dodging
 - Level 3.0 Stealth
 - Level 2.6 Spellcasting
 - Level 1.3 Transmutations
 * Level 12.5 Earth Magic


You had 2 spell levels left.
You knew the following spells:

 Your Spells              Type           Power      Damage    Failure   Level
a - Sandblast             Erth           100%       2d20      1%          1
b - Passwall              Tmut/Erth      31%        N/A       1%          2
c - Lee's Rapid Deconstr  Erth           30%        3d16*     1%          5
d - Petrify               Tmut/Erth      38%        N/A       6%          4

Your spell library contained the following spells:

 Spells                   Type           Power      Damage    Failure   Level
 Sting                    Tmut/Pois      24%        1d4       8%          1
 Blink                    Tloc           6%         N/A       16%         2
 Momentum Strike          Conj/Tloc      6%         3d8       16%         2
 Poisonous Vapours        Pois/Air       6%         N/A       16%         2
 Stone Arrow              Conj/Erth      68%        3d11      2%          3
 Kindle Blastsparks       Fire/Tloc/Air  6%         2d10      30%         3
 Lesser Beckoning         Tloc           6%         N/A       30%         3
 Fulminant Prism          Conj/Hex       1%         3d6       71%         4
 Iskenderun's Mystic Bla  Conj/Tloc      3%         2d3       71%         4
 Manifold Assault         Tloc           3%         N/A       71%         4
 Olgreb's Toxic Radiance  Pois           3%         N/A       71%         4
 Fireball                 Conj/Fire      1%         3d3       96%         5
 Iskenderun's Battlesphe  Conj           3%         2d6       96%         5
 Conjure Ball Lightning   Conj/Air       1%         3x3d6     100%        6
 Orb of Destruction       Conj           1%         9d5       100%        7
 Storm Form               Tmut/Air       3%         N/A       100%        7


Dungeon Overview and Level Annotations

Branches:
Dungeon (11/15)            Temple (1/1) D:4            Lair (0/5) D:8
    Orc: D:9-12

Altars:
Ashenzari
Cheibriados
Dithmenos
Elyvilon
Fedhas
Gozag
Hepliaklqana
Kikubaaqudgha
Makhleb
Nemelex Xobeh
Okawaru
Qazlal
Ru
Sif Muna
Trog
Uskayaw
Vehumet
Wu Jian
Xom
Yredelemnul
Zin
The Shining One

Shops:
D:5 (


Innate Abilities, Weirdness & Mutations

You are very small and have problems with some larger weapons.
You are too small for most types of armour.
You have supernaturally acute eyesight. (SInv)
You cover ground extremely quickly. (Speed+++)
Your body sometimes deteriorates upon taking damage.
Your magical capacity is low. (-10% MP)
You are strong-willed. (Will+)
You sometimes lose the ability to drink potions when taking damage.


Message History

Casting: Sandblast (safe; 1% risk of failure)
Confirm with . or Enter, or press ? or * to list all spells.
Aiming: Sandblast (safe; 1% risk of failure)
Press: ? - help, Shift-Dir - straight line, f - electric eel
Aim: an electric eel (76% to hit)
The blast of sand hits the electric eel!!
You kill the electric eel!
Qazlal accepts your kill.
Casting: Sandblast (safe; 1% risk of failure)
Confirm with . or Enter, or press ? or * to list all spells.
You can't see any susceptible monsters within range! (Use Z to cast anyway.)
An electric eel comes into view.
Casting: Sandblast (safe; 1% risk of failure)
Confirm with . or Enter, or press ? or * to list all spells.
You can't see any susceptible monsters within range! (Use Z to cast anyway.)
Found a staircase to the Lair.
Casting: Sandblast (safe; 1% risk of failure)
Confirm with . or Enter, or press ? or * to list all spells.
You can't see any susceptible monsters within range! (Use Z to cast anyway.)
Casting: Sandblast (safe; 1% risk of failure)
Confirm with . or Enter, or press ? or * to list all spells.
You can't see any susceptible monsters within range! (Use Z to cast anyway.)
You enter the shallow water.
Moving in this stuff is going to be slow.
The electric eel shoots out a bolt of lightning at you!
The bolt of electricity hits you!
You feel threatened and lose the ability to drink potions!
Your body deteriorates!
You feel clumsy.
Things that are here:
+0 steam dragon scales; a steam dragon corpse; a hound corpse An electric eel comes into view.
The electric eel shoots out a bolt of lightning at you!
The bolt of electricity hits you!
* * * LOW HITPOINT WARNING * * *
Your body deteriorates!
You feel dopey.
The electric eel shoots out a bolt of lightning at you!
The bolt of electricity misses you.
The electric eel shoots out a bolt of lightning at you!
The bolt of electricity hits you!
You die...

.# #.# #.# #.# #########.#
..........# ..........#
##+##########.###..##.# ###
≈≈≈≈≈..............##.# #..
≈≈≈≈≈~..~.@........##.###..
≈≈≈≈≈~~~..~☼~...........#..
≈≈≈≈≈~°≈.§~........##.#.#..
~~~~≈~~.§~≈~...######.#.#..
.~.~~≈.~~≈~~~..### #.#.#..
~....~.~~~≈~÷....####'#....
..>...................[.#..
~.....~~S~~~~........)..#..
..~...~≈≈~..............#..


You could see an electric eel.

Vanquished Creatures
  A boulder beetle (D:8)
  Joseph (D:7)
  The ghost of mopl the Magician, a novice OpHW (D:6)
  A troll (D:8)
  A shadow (D:10)
  A wyvern (D:10)
  Eustachio (D:4)
  A steam dragon (D:8)
  Menkaure (D:6)
  4 ice beasts
  3 orc warriors
  A black bear (D:5)
  2 sky beasts (D:7)
  2 wolves
  9 ogres
  2 centaurs (D:7)
  A phantom (D:7)
  2 kobold brigands (D:7)
  Blork the orc (D:5)
  A bullfrog (D:8)
  A necrophage (D:5)
  2 scorpions (D:5)
  3 wights (D:9)
  6 killer bees
  2 howler monkeys (D:10)
  4 jellies
  3 electric eels (D:8)
  4 gnoll boudas
  2 orc priests
  8 hounds
  Ijyb (D:3)
  6 iguanas
  Natasha (twice) (D:3)
  6 orc wizards
  Robin (D:3)
  19 gnolls
  13 adders
  2 shadow imps
  A white imp (D:7)
  A worm (D:2)
  4 dart slugs
  20 orcs
  5 ball pythons
  7 endoplasms
  3 giant cockroaches (D:2)
  14 goblins
  10 hobgoblins
  2 jackals
  6 kobolds
  3 quokkas
  7 bats
  10 frilled lizards
  8 rats
223 creatures vanquished.

Vanquished Creatures (collateral kills)
  A gnoll (D:4)
1 creature vanquished.

Vanquished Creatures (others)
  6 fungi (D:7)
  18 plants
24 creatures vanquished.

Grand Total: 248 creatures vanquished

Notes
Turn   | Place    | Note
-------+----------+-------------------------------------------
     0 | D:1      | Lanoc the Spriggan Earth Elementalist began the quest for
                  | the Orb.
     0 | D:1      | Reached XP level 1. HP: 9/9 MP: 5/5
   299 | D:1      | Reached XP level 2. HP: 13/13 MP: 4/6
  1163 | D:2      | Reached XP level 3. HP: 16/16 MP: 4/8
  1536 | D:2      | Reached XP level 4. HP: 21/21 MP: 7/9
  2071 | D:3      | Noticed Ijyb
  2082 | D:3      | Killed Ijyb
  2272 | D:3      | Reached XP level 5. HP: 24/24 MP: 8/10
  2272 | D:3      | Noticed Robin
  2279 | D:3      | Killed Robin
  2294 | D:3      | Noticed Natasha
  2300 | D:3      | Killed Natasha
  2431 | D:3      | Found a faded altar of an unknown god.
  2453 | D:3      | Prayed at the altar of an unknown god.
  2453 | D:3      | Became a worshipper of Xom of Chaos
  2465 | D:3      | Reached skill level 5 in Dodging
  2465 | D:3      | Reached skill level 5 in Earth Magic
  2778 | D:3      | XOM: cloud trail
  2867 | D:3      | XOM: divination: magic mapping
  3021 | D:3      | Noticed Natasha
  3023 | D:3      | Killed Natasha
  3024 | D:3      | Reached XP level 6. HP: 28/28 MP: 9/11
  3100 | D:3      | Learned a level 2 spell: Passwall
  3184 | D:4      | Noticed Eustachio
  3186 | D:4      | Found a staircase to the Ecumenical Temple.
  3194 | D:4      | XOM: divination: detect items
  3201 | D:4      | XOM: noise
  3208 | D:4      | XOM: swap monsters
  3241 | D:4      | XOM: 2-stop teleportation journey
  3242 | D:4      | Killed Eustachio
  3396 | D:4      | XOM: god gift: lajatang {god gift}
  3433 | D:4      | Reached XP level 7. HP: 32/32 MP: 12/12
  3459 | D:4      | Found a sparkling altar of Nemelex Xobeh.
  3505 | D:4      | XOM: 6-stop teleportation journey
  3535 | D:4      | XOM: cast spell 'Olgreb's Toxic Radiance'
  3699 | D:4      | Found a burning altar of Makhleb.
  3815 | Temple   | Entered the Ecumenical Temple
  4015 | Temple   | Fell from the grace of Xom
  4015 | Temple   | Became a worshipper of Qazlal Stormbringer
  4029 | D:5      | Entered Level 5 of the Dungeon
  4029 | D:5      | Found Ecetzirche's Weapon Shoppe.
  4269 | D:5      | Noticed Blork the orc
  4274 | D:5      | Killed Blork the orc
  4329 | D:5      | XOM: noise
  4347 | D:5      | Reached XP level 8. HP: 36/36 MP: 13/13
  4912 | D:6      | Noticed Menkaure
  4916 | D:6      | Killed Menkaure
  4984 | D:6      | Reached * piety under Qazlal
  4985 | D:6      | Reached XP level 9. HP: 39/39 MP: 14/14
  5099 | D:6      | XOM: polymorph gnoll bouda -> wolf
  5177 | D:6      | Found a runed translucent door.
  5188 | D:6      | Noticed mopl's ghost (novice OpHW)
  5439 | D:6      | Killed mopl's ghost
  5467 | D:7      | Noticed Joseph
  5527 | D:7      | Reached skill level 10 in Earth Magic
  5727 | D:7      | Reached skill level 10 in Dodging
  5870 | D:7      | Reached ** piety under Qazlal
  5976 | D:7      | Learned a level 5 spell: Lee's Rapid Deconstruction
  5979 | D:7      | XOM: give mutations
  5979 | D:7      | Gained mutation: You occasionally lose the ability to drink
                  | potions when taking damage. [Xom's mischief]
  5979 | D:7      | Gained mutation: You occasionally lose the ability to read
                  | scrolls when taking damage. [Xom's mischief]
  5979 | D:7      | Gained mutation: You are weak. (Str -2) [Xom's mischief]
  5981 | D:7      | Learned a level 4 spell: Petrify
  6048 | D:7      | Killed Joseph
  6073 | D:7      | Reached XP level 10. HP: 29/44 MP: 15/15
  6488 | D:7      | Found a shimmering blue altar of Sif Muna.
  6739 | D:7      | XOM: summons 3 hostile demons
  6793 | D:7      | XOM: give mutations
  6793 | D:7      | Gained mutation: Your magical capacity is low. (-10% MP)
                  | [Xom's mischief]
  6793 | D:7      | Gained mutation: You are strong-willed. (Will+) [Xom's
                  | mischief]
  6897 | D:8      | Noticed a boulder beetle
  7110 | D:8      | Killed a boulder beetle
  7141 | D:8      | You fall into a shaft and drop 3 floors!
  7174 | D:11     | XOM: give mutations
  7174 | D:11     | Lost mutation: You occasionally lose the ability to read
                  | scrolls when taking damage. [Xom's mischief]
  7174 | D:11     | Gained mutation: Your body sometimes deteriorates upon
                  | taking damage. [Xom's mischief]
  7174 | D:11     | Gained mutation: You sometimes lose the ability to drink
                  | potions when taking damage. [Xom's mischief]
  7174 | D:11     | Lost mutation: You are weak. (Str -2) [Xom's mischief]
  7229 | D:10     | Entered Level 10 of the Dungeon
  7459 | D:9      | Reached *** piety under Qazlal
  7726 | D:8      | Found a staircase to the Lair.
  7732 | D:8      | Killed from afar by an electric eel

Illustrated notes

Levels and vault maps discovered:
D:1:      dpeg_arrival_boxes_within_box, layout_basic, minmay_lizard_king
D:2:      layout_basic, minmay_hexomino_u4
D:3:      layout_loops_ring, dreamdust_ecumenical_altar_statues,
          uniq_crazy_yiuf_cottage, uniq_robin, uniq_ijyb, uniq_natasha
D:4:      layout_rooms, mainiacjoe_overflow_catwalk, lemuel_doored_altar,
          minmay_temple_entry_gardened_gates, minmay_distorted, uniq_eustachio
D:5:      minmay_clustersquares, layout_rooms, serial_shops,
          nicolae_shop_bloodbath_and_beyond, hex_intersection,
          uniq_blork_the_orc
D:6:      layout_basic, ebering_ghost_reflecting_pool, nicolae_benzene_ring,
          minmay_misc_feat_roman, minmay_misc_feat_rugged, kennysheep_nub,
          uniq_menkaure
D:7:      kennysheep_seaside_town, layout_rooms, mainiacjoe_overflow_24_doors,
          minivault_19, uniq_joseph
D:8:      layout_basic, erik_lair_island
D:9:      layout_long_grid
D:10:     layout_gridville
D:11:     layout_loops_ring, orc_0_dummy
Temple:   nicolae_temple_bog_church

Skill      XL: |  1  2  3  4  5  6  7  8  9 10 |
---------------+-------------------------------+-----
Dodging        | 3 4 5 6 7 9 11 12 | 12.4
Earth Magic    | 3 4 5 6 7 9 11 12 | 12.5
Stealth        | |  3.0
Spellcasting   | |  2.6
Transmutations | |  1.3

Action                   |  1- 3 |  4- 6 |  7- 9 | 10-12 || total
-------------------------+-------+-------+-------+-------++-------
Melee: Hand axe          |     3 |       |       |       ||     3
       Club              |       |    29 |     3 |    13 ||    45
       Punch             |       |       |     1 |       ||     1
 Cast: Sandblast         |    47 |   100 |   162 |    96 ||   405
       Petrify           |       |       |       |     4 ||     4
       Lee's Rapid Decon |       |       |       |     3 ||     3
  Use: Potion            |       |     1 |     2 |       ||     3
       Scroll            |       |       |     2 |     9 ||    11
 Stab: Sleeping          |       |     1 |       |       ||     1
       Petrified         |       |       |       |    10 ||    10
Armor: Robe              |     2 |     9 |     2 |     4 ||    17
Dodge: Dodged            |    20 |   115 |   116 |    78 ||   329
Block: Other             |       |       |     4 |     5 ||     9

Table legend: (Time is in decaauts)
 A = Elapsed time spent in this place.
 B = Non-inter-level travel time spent in this place.
 C = Inter-level travel time spent in this place.
 D = Time resting spent in this place.
 E = Time spent auto-exploring this place.
 F = Levels seen in this place.
 G = Mean time per level.
                   A        B        C        D        E       F      G
               +--------+--------+--------+--------+--------+-----+--------+
         Total |   5859 |   5677 |    182 |     56 |   4394 |  12 |  488.2 |
       Dungeon |   5726 |   5554 |    172 |     56 |   4282 |  11 |  520.5 |
        Temple |    132 |    122 |     10 |      0 |    112 |   1 |  132.0 |
               +--------+--------+--------+--------+--------+-----+--------+

Top non-repeatable levels by time:
     D:7: 1150 daAuts
     D:3: 858 daAuts
     D:1: 831 daAuts
     D:2: 683 daAuts
     D:5: 543 daAuts
     D:4: 521 daAuts
     D:6: 483 daAuts
     D:8: 352 daAuts
     D:9: 210 daAuts
  Temple: 132 daAuts
    D:11: 59 daAuts
    D:10: 30 daAuts
